 Dungeon Crawl Stone Soup version 0.20.0-10-g0535bb4 (webtiles) character file.

76 MDvedh the Magician (level 4, -1/25 HPs)
             Began as a Gargoyle Wizard on June 3, 2017.
             Slain by a worm (6 damage)
             ... on level 2 of the Dungeon.
             The game lasted 00:04:10 (2327 turns).

MDvedh the Magician (Gargoyle Wizard)               Turns: 2327, Time: 00:04:11

Health: -1/25      AC:  5    Str: 11    XL:     4   Next: 32%
Magic:  3/8        EV: 12    Int: 19    God:
Gold:   69         SH:  0    Dex:  8    Spells: 8/9 levels left

rFire    . . .     SeeInvis .   p - +0 dagger
rCold    . . .     Gourm    .   (no shield)
rNeg     + . .     Faith    .   a - +0 robe
rPois    ∞         Spirit   .   b - +0 hat
rElec    +         Reflect  .   (no cloak)
rCorr    .         Harm     .   (no gloves)
MR       .....                  (no boots)
Stlth    ++........             (no amulet)
Regen    0.1/turn               (no ring)
MPRegen  0.2/turn               (no ring)

@: no status effects
A: negative energy resistance 1, electricity resistance, unbreathing,
petrification resistance, rot immunity, AC +3
a: no special abilities


You were on level 2 of the Dungeon.
You were hungry.

You visited 1 branch of the dungeon, and saw 2 of its levels.

You collected 69 gold pieces.

Inventory:

Hand Weapons
 j - a +0 club
 p - a +0 dagger (weapon)
Armour
 a - a +0 robe (worn)
 b - a +0 hat (worn)
 k - a +0 plate armour
Scrolls
 e - 2 scrolls of fog {unknown}
 f - 2 scrolls of amnesia {unknown}
 g - a scroll of magic mapping {unknown}
 l - 3 scrolls of remove curse {unknown}
 m - a scroll of identify {unknown}
 n - 2 scrolls of fear {unknown}
Potions
 h - a potion of might {unknown}
 o - a potion of heal wounds {unknown}
 r - 2 potions of lignification {unknown}
Books
 c - a book of Minor Magic

   Spells                             Type                      Level
   a - Magic Dart                     Conjuration                  1
   b - Blink                          Translocation                2
   c - Call Imp                       Summoning                    2
   d - Slow                           Hexes                        2
   e - Conjure Flame                  Conjuration/Fire             3
   f - Mephitic Cloud                 Conjuration/Poison/Air       3
Comestibles
 d - a bread ration
 i - a meat ration
 q - a fruit


   Skills:
 - Level 1.5 Fighting
 + Level 2.7 Maces & Flails
 - Level 1.8 Armour
 - Level 1.5 Dodging
 - Level 2.1 Stealth
 - Level 3.0 Spellcasting
 - Level 1.1 Conjurations
   Level 0.8 Summonings
   Level 0.8 Translocations


You had 8 spell levels left.
You knew the following spells:

 Your Spells              Type           Power        Failure   Level  Hunger
a - Magic Dart            Conj           #...         10%         1    None


Dungeon Overview and Level Annotations

Branches:
Dungeon (2/15)

Altars:


Innate Abilities, Weirdness & Mutations

You are resistant to torment.
Your stone body is resilient. (AC +3)
You are immune to poison.
You resist negative energy. (rN+)
You are resistant to electric shocks. (rElec)
You can survive without breathing.
You are immune to petrification.
You are immune to rotting.


Message History

The worm is almost dead.
The worm bites you.
* * * LOW HITPOINT WARNING * * *
There is a stone staircase leading up here.
Casting: Magic Dart
Confirm with . or Enter, or press ? or * to list all spells.
Aiming: Magic Dart
Press: ? - help, Shift-Dir - straight line, f/p - worm
Aim: a worm (severely wounded)
The magic dart hits the worm.
The worm is almost dead.
You hit the worm.
The worm is almost dead.
You completely miss the worm.
The worm is almost dead.
The worm bites you but does no damage.
You hit the worm but do no damage.
The worm is almost dead.
The worm bites you.
You die...

#########
##...#...##
##(........##
#######
#...@......(#
#.....#
#....w......#
#.>)..#
#...†.......####
#.....###
##.............###
## #.......##
##.......####...###.
#.....#..#
##.###########..##.
#........######.#
#..........
##...##......##.#
#......w##.
##...#......##.#
#........#.


You could see a worm.

Vanquished Creatures
  3 adders
  2 oozes (D:1)
  A dart slug (D:1)
  2 leopard geckos (D:1)
  A ball python (D:2)
  4 goblins
  5 hobgoblins (D:1)
  2 jackals (D:1)
  3 kobolds
  10 bats
  A frilled lizard (D:2)
  4 rats
38 creatures vanquished.

Notes
Turn   | Place    | Note
-------+----------+-------------------------------------------
     0 | D:1      | MDvedh the Gargoyle Wizard began the quest for the Orb.
     0 | D:1      | Reached XP level 1. HP: 10/10 MP: 4/4
   372 | D:1      | Reached skill level 1 in Fighting
   402 | D:1      | Reached XP level 2. HP: 14/16 MP: 0/6
   419 | D:1      | Reached skill level 1 in Armour
  1029 | D:1      | Reached XP level 3. HP: 19/20 MP: 7/7
  1075 | D:1      | Reached skill level 1 in Maces & Flails
  1833 | D:2      | Reached XP level 4. HP: 6/25 MP: 3/8
  2327 | D:2      | Slain by a worm

Skill      XL: |  1  2  3 |
---------------+----------+-----
Fighting       | 1 |  1.5
Armour         | 1 |  1.8
Maces & Flails | 2 |  2.7
Dodging        | |  1.5
Stealth        | |  2.1
Spellcasting   | |  3.0
Conjurations   | |  1.1
Summonings     | |  0.8
Translocations | |  0.8

Action                   |  1- 3 |  4- 6 || total
-------------------------+-------+-------++-------
Melee: Unarmed           |    29 |       ||    29
       Club              |    97 |     2 ||    99
       Dagger            |       |    30 ||    30
 Cast: Magic Dart        |    40 |    18 ||    58
 Stab: Sleeping          |     2 |       ||     2
  Eat: Chunk             |     2 |     2 ||     4
Armor: Robe              |    44 |    10 ||    54
       Plate armour      |    64 |       ||    64
Dodge: Dodged            |    98 |    13 ||   111
